AoeStats
← Chris Becker

Arena

509386305Analyzed
4v4 RM · 6d ago on Sep 26, 2026· 46m 28s· 8 players
Game mode
Random Map
Map size
Large (8 player)
Population
200
Speed
Normal
Resources
Standard
Victory
Conquest
Starting age
Dark Age
Ending age
Imperial Age
RankedLock teamsTeams togetherTeam positionsShared explorationLock speedFull tech treeHidden civsTurbo modeCheats
Victory
Defeat
🇩🇪 Khmer · Germany
1559
+14
🇩🇪 Romans · Germany
1528
+15
🇮🇹 Saracens · Italy
1528
+15
🇩🇪 Britons · Germany
1501
+17
🇨🇿 Tatars · Czechia
1697
-22
🇸🇮 Burgundians · Slovenia
1583
-18
🇰🇷 Byzantines · South Korea
1465
-13
🇩🇪 Britons · Germany
1325
-8
peah90
11:13 Feudal Age
14:46 Castle Age
13:02 Horse Collar
15:23 Double-Bit Axe
17:16 Town Watch
21:28 Loom
22:00 Pikeman
24:34 Wheelbarrow
25:24 Forging
25:56 Ballistics
29:23 Imperial Age
27:27 Ballistas
28:03 Bow Saw
28:52 Hand Cart
29:53 Masonry
31:11 Chemistry
31:38 Heavy Scorpion
32:43 Conscription
33:31 Iron Casting
34:28 Scale Mail Armor
36:08 Chain Mail Armor
36:00 Squires
37:42 Blast Furnace
37:58 Capped Ram
40:34 Siege Engineers
41:52 Siege Ram
Captain Bananatoast
10:11 Feudal Age
13:04 Castle Age
11:32 Double-Bit Axe
12:00 Horse Collar
14:16 Bow Saw
15:26 Wheelbarrow
18:05 Heavy Plow
22:03 Gold Mining
22:20 Stone Mining
27:01 Imperial Age
24:24 Loom
24:57 Hand Cart
24:29 Town Watch
25:01 Scale Barding Armor
25:07 Forging
26:07 Husbandry
26:17 Bloodlines
26:51 Chain Barding Armor
27:18 Iron Casting
27:11 Elite Battle Elephant
28:30 Plate Barding Armor
28:23 Conscription
28:29 Tusk Swords
32:14 Capped Ram
33:33 Siege Ram
38:45 Devotion
39:56 Fletching
43:30 Blast Furnace
43:08 Fletching
43:29 Light Cavalry
44:59 Hussar
45:47 Bodkin Arrow
47:05 Coinage
Marco1234
10:39 Feudal Age
14:32 Castle Age
12:14 Horse Collar
12:28 Double-Bit Axe
15:36 Bow Saw
15:27 Heavy Plow
21:14 Gold Mining
21:16 Stone Mining
23:29 Wheelbarrow
24:35 Gold Shaft Mining
26:03 Coinage
25:41 Scale Barding Armor
25:47 Forging
26:25 Bloodlines
26:16 Husbandry
29:19 Loom
29:50 Hand Cart
32:11 Imperial Age
30:17 Chain Barding Armor
32:51 Iron Casting
33:51 Plate Barding Armor
33:05 Town Watch
36:46 Blast Furnace
37:54 Elite Mameluke
38:55 Conscription
41:10 Counterweights
41:23 Ballistics
42:04 Chemistry
Chris Becker
10:41 Feudal Age
15:04 Castle Age
13:02 Horse Collar
14:44 Double-Bit Axe
21:53 Wheelbarrow
21:40 Bow Saw
23:21 Stone Mining
24:00 Gold Mining
24:45 Heavy Plow
24:53 Fletching
25:04 Padded Archer Armor
25:33 Bodkin Arrow
26:01 Hand Cart
25:32 Loom
26:46 Leather Archer Armor
27:02 Ballistics
31:08 Imperial Age
30:08 Yeomen
30:41 Gold Shaft Mining
30:59 Scale Mail Armor
31:10 Forging
31:53 Bracer
32:10 Elite Longbowman
34:52 Chemistry
34:46 Conscription
35:07 Ring Archer Armor
34:45 Scale Barding Armor
36:47 Two-Man Saw
35:34 Light Cavalry
36:14 Husbandry
37:55 Chain Barding Armor
37:28 Pikeman
38:08 Squires
38:28 Chain Mail Armor
40:42 Siege Engineers
Franczesco
9:37 Feudal Age
13:11 Castle Age
11:20 Double-Bit Axe
11:29 Horse Collar
14:07 Bow Saw
19:38 Wheelbarrow
21:10 Loom
22:27 Hand Cart
22:45 Hand Cart
22:34 Stone Mining
27:51 Imperial Age
25:50 Scale Barding Armor
26:12 Forging
27:14 Chain Barding Armor
26:27 Pikeman
27:14 Husbandry
28:16 Iron Casting
27:43 Squires
28:10 Scale Mail Armor
28:56 Scale Mail Armor
29:34 Iron Casting
28:24 Halberdier
29:54 Bloodlines
31:18 Blast Furnace
33:46 Plate Barding Armor
34:01 Conscription
34:00 Heavy Plow
33:54 Gold Mining
35:12 Town Watch
35:12 Elite Keshik
37:37 Guilds
37:57 Silk Armor
38:09 Timurid Siegecraft
38:07 Siege Engineers
44:50 Ballistics
44:23 Fletching
44:55 Arson
A spoon full of love
2:59 Double-Bit Axe
6:19 Horse Collar
12:34 Feudal Age
13:59 Bow Saw
16:14 Castle Age
14:46 Heavy Plow
15:47 Loom
20:20 Imperial Age
17:56 Gold Mining
20:18 Gold Shaft Mining
22:02 Chemistry
24:23 Padded Archer Armor
33:48 Wheelbarrow
35:36 Hand Cart
37:47 Scale Barding Armor
37:59 Stone Mining
38:34 Forging
39:13 Bombard Tower
38:22 Light Cavalry
39:02 Husbandry
39:24 Chain Barding Armor
40:27 Iron Casting
39:42 Town Watch
41:06 Plate Barding Armor
39:52 Hussar
40:48 Fletching
41:20 Ballistics
40:44 Treadmill Crane
42:38 Blast Furnace
42:09 Bodkin Arrow
43:27 Bracer
AOE2.GG | NONO
4:21 Loom
10:10 Feudal Age
15:38 Castle Age
14:03 Double-Bit Axe
14:33 Horse Collar
18:03 Fortified Wall
24:45 Gold Mining
25:08 Bow Saw
25:54 Wheelbarrow
29:20 Imperial Age
26:55 Fletching
27:05 Padded Archer Armor
27:49 Hand Cart
27:37 Stone Mining
27:55 Bodkin Arrow
28:19 Town Watch
29:19 Leather Archer Armor
29:43 Gold Shaft Mining
30:34 Conscription
31:30 Two-Man Saw
31:00 Ballistics
31:41 Chemistry
31:48 Yeomen
32:05 Fervor
32:11 Block Printing
32:46 Siege Engineers
32:22 Treadmill Crane
32:52 Masonry
32:44 Heavy Plow
33:22 Pikeman
34:04 Bracer
34:34 Ring Archer Armor
34:15 Forging
34:05 Scale Mail Armor
34:28 Elite Skirmisher
35:26 Murder Holes
36:01 Architecture
38:21 Ring Archer Armor
38:39 Chain Mail Armor
37:55 Elite Longbowman
39:50 Hoardings
42:36 Town Patrol
kdu0687
10:46 Feudal Age
15:19 Castle Age
13:14 Double-Bit Axe
13:26 Horse Collar
17:39 Heavy Plow
18:09 Bow Saw
23:04 Gold Mining
23:09 Stone Mining
26:13 Wheelbarrow
27:08 Gold Shaft Mining
27:48 Loom
30:46 Imperial Age
28:44 Hand Cart
28:59 Forging
29:13 Scale Barding Armor
29:53 Stone Shaft Mining
29:18 Fletching
29:37 Light Cavalry
30:18 Husbandry
30:55 Iron Casting
31:44 Chain Barding Armor
31:54 Conscription
32:42 Chemistry
31:23 Treadmill Crane
33:03 Two-Man Saw
32:36 Crop Rotation
31:48 Hussar
33:04 Bodkin Arrow
32:33 Elite Skirmisher
32:48 Heavy Camel Rider
34:10 Bracer
35:27 Plate Barding Armor
34:52 Pikeman
35:32 Squires
35:19 Arson
35:36 Scale Mail Armor
36:19 Halberdier
37:49 Padded Archer Armor
37:22 Elite Cataphract
38:29 Ballistics
38:29 Bombard Tower
38:11 Murder Holes
38:47 Arrowslits
42:09 Fortified Wall
Connection lost

Rejoining the realm…

Still unreachable

The connection could not be restored.

Session expired

The server has moved on; the page needs a fresh start.